AoeStats
← NuMa | Gacha

Nomad

503685280Analyzed
2v2 RM · 1mo ago on Sep 1, 2026· 34m 41s· 4 players
Game mode
Random Map
Map size
176×176
Population
200
Speed
Normal
Resources
Standard
Victory
Conquest
Starting age
Dark Age
Ending age
Imperial Age
RankedLock teamsTeams togetherTeam positionsShared explorationLock speedFull tech treeHidden civsTurbo modeCheats
Victory
Defeat
🇩🇪 Bohemians · Germany
1177
+13
🇩🇪 Franks · Germany
1120
+15
🇨🇴 Turks · Colombia
1122
-15
🇪🇸 Vikings · Spain
1096
-14
Vikingo Terrestre
2:49 Loom
13:20 Feudal Age
13:50 Double-Bit Axe
19:09 Forging
24:30 Castle Age
22:32 Horse Collar
24:53 Fletching
25:33 Bow Saw
25:46 Pikeman
26:27 Squires
26:59 Heavy Plow
29:16 Town Watch
32:05 Iron Casting
32:32 Town Patrol
33:00 Gold Mining
NuMa | Gacha
5:00 Loom
16:14 Feudal Age
20:28 Castle Age
18:24 Double-Bit Axe
25:33 Imperial Age
24:53 Gold Mining
25:16 Bow Saw
AirLuc
6:46 Loom
16:44 Feudal Age
17:18 Double-Bit Axe
17:34 Fishing Lines
23:23 Castle Age
22:04 Stone Mining
22:42 Fletching
24:25 Husbandry
27:32 Scale Barding Armor
28:50 Pikeman
31:13 Gillnets
Arc Max
4:31 Loom
14:26 Feudal Age
15:06 Double-Bit Axe
21:33 Castle Age
20:59 Forging
22:49 Fletching
25:00 Chemistry
24:36 Elite Skirmisher
28:45 Wagenburg Tactics
32:31 Redemption
Connection lost

Rejoining the realm…

Still unreachable

The connection could not be restored.

Session expired

The server has moved on; the page needs a fresh start.